Workbook

Sheet Achat 1 et unique habitation
B2: Simulateur de l'achat de la 1 et unique habitation
B4: Veuillez d'abord préciser la nature de votre projet ? | K4: Le budget nécessaire
B6: Région d'achat | E6: Bruxelles | G6: Flandre | I6: Wallonie | M6: Bruxelles | O6: Flandre | Q6: Wallonie
B8: Prix d'achat du logement | E8: 200000 | K8: Moyens propres
B10: Le % des frais d'acte à appliquer ? | E10: 0.125 | G10: 0.1 | I10: 0.125 | K10: Mensualité pour financer le projet
B12: En Flandre vous pouvez bénéficier d’un abattement (= diminution de la base imposable) de € 15.000 à l’achat | K12: Total des besoins | M12: =E40-M8 -> 226267.75 | O12: =G40-M8 -> 225267.75 | Q12: =I40-M8 -> 223367.75
B13: de votre première résidence principale. Un abattement complémentaire de 10.000 € est prévu si le taux des droits
B14: d'enregistrement s'élève à 10 %. Si le taux s'élève à 5 % l'abattement complémentaire sera de 20.000 € | K14: Formule | M14: 10/5/5
B16: A Bruxelles lors de l'achat de l'unique et seule habitation, l'abattement s'élève à 60.000 € | K16: Augmentation maximale en % | M16: 0.02
B18: Un bien se trouvant, en Wallonie, dans une zone de pression immobilière peut bénéficier d'un taux réduit sur 160.000 €. | K18: Durée en années | M18: 15
B19: Le taux réduit s’élève à 6%. En dehors de cette zone, le taux réduit s'appliquera sur 150.000 €.
B20: Le solde du prix d'achat sera taxé à 12,5%. | K20: Durée en mois | M20: =M18*12 -> 180
B22: Liste des zones de pression immobilère | K22: Taux annuel | M22: 0.02
B24: Les coûts liés au projet | K24: Taux mensuel | M24: =NOMINAL(M22,12)/12 -> 0.0016515813
K26: Mensualité à payer | M26: =-PMT((1+M22)^(1/12)-1,M18*12,M12) -> 1454.1673 | O26: =-PMT((1+M22)^(1/12)-1,M18*12,O12) -> 1447.7406 | Q26: =-PMT((1+M22)^(1/12)-1,M18*12,Q12) -> 1435.5297
B28: Montant abattement si achat seule et unique habitation | E28: 60000 | G28: 35000 | K28: Taux maximum après révision | M28: =M22+M16 -> 0.04
B30: Frais liés à l'acte d'achat du logement | E30: ='Données simulateur'!B9 -> 21328.032 | G30: ='Données simulateur'!B77 -> 20328.032 | I30: ='Données simulateur'!B146 -> 18428.032 | K30: Mensualité maximum | M30: =-PMT((1+M28)^(1/12)-1,M18*12,M12) -> 1665.5781 | O30: =-PMT((1+M28)^(1/12)-1,M18*12,O12) -> 1658.2171 | Q30: =-PMT((1+M28)^(1/12)-1,M18*12,Q12) -> 1644.231
B32: Coût des transformations Tva comprise
B34: Honoraires d'architecte Tva comprise
B36: Autre dépenses
B38: Frais liés à l'acte de crédit de l'achat | E38: ='Données simulateur'!B18 -> 4939.7152 | G38: ='Données simulateur'!B86 -> 4939.7152 | I38: ='Données simulateur'!B155 -> 4939.7152
B40: Coût total de votre projet | E40: =SUM(E8,E30,E32,E34,E36,E38) -> 226267.75 | G40: =SUM(E8,G30,G32,G34,G36,G38) -> 225267.75 | I40: =SUM(E8,I30,I32,I34,I36,I38) -> 223367.75

Sheet Données simulateur
A1: Simulateur Achat Logement Bruxelles | H1: Simulateur Achat Logement Bruxelles | U1: Simulateur Rachat crédit | AB1: Frais de main levée | AN1: Frais d'acte | AO1: Frais d'acte | AP1: Frais d'acte | AQ1: Variabilité | AR1: Oui - Non | AS1: Région | AT1: Abattement | AU1: Abattement | AV1: Années | AW1: CAP | AX1: Pression immo | AZ1: Zone A
A2: Calcul des frais de notaire | B2: ='Achat 1 et unique habitation'!E10 -> 0.125 | H2: Calcul des frais de notaire | I2: ='Achat 1 et unique habitation'!L10 -> 0 | U2: Calcul des frais de notaire | V2: ='Achat 1 et unique habitation'!U8 -> 0 | AB2: Montant initial du prêt | AF2: =#REF! -> #REF! | AI2: 25000 | AJ2: 391.1 | AL2: 25000 | AM2: 391.1
A3: Prix d'achat | B3: ='Achat 1 et unique habitation'!E8 -> 200000 | H3: Prix d'achat | I3: ='Achat 1 et unique habitation'!L8 -> 0 | U3: Prix d'achat | V3: =#REF! -> #REF! | AI3: 30000 | AJ3: 423.98 | AL3: 30000 | AM3: 423.98 | AN3: 0.125 | AO3: 0.1 | AP3: 0.125 | AQ3: 5/5/5 | AR3: Oui | AS3: Bruxelles | AT3: 60000 | AU3: 25000 | AV3: 10 | AW3: 0.02 | AX3: Arlon | AY3: Montant | AZ3: ='Achat 1 et unique habitation'!E8 -> 200000
A4: Abattement | B4: ='Achat 1 et unique habitation'!E28 -> 60000 | H4: Frais d'enregistrement | I4: =(I3-#REF!)*I2 -> #REF! | U4: Abattement | V4: ='Achat 1 et unique habitation'!V18 -> 0 | AB4: HONORAIRE NOTAIRE - Frais de main levéeActe d'achat | AI4: 40000 | AJ4: 431.08 | AL4: 40000 | AM4: 431.08 | AN4: 0.06 | AO4: 0.05 | AQ4: 10/5/5 | AR4: Non | AS4: Wallonie | AU4: 35000 | AV4: 11 | AW4: 0.03 | AX4: Assesse
A5: Frais d'enregistrement | B5: =(B3-B4)*B2 -> 17500 | H5: honoraire | I5: =L41 -> 0 | U5: Frais d'enregistrement | V5: =(V3-V4)*V2 -> #REF! | AB5: Pallier | AD5: Différence | AE5: Taux | AF5: Total | AI5: 50000 | AJ5: 453.29 | AL5: 50000 | AM5: 453.29 | AQ5: 10 ans fixe | AS5: Flandre | AV5: 12 | AW5: 0.04 | AX5: Aubel | AY5: Plafond | AZ5: 160000
A6: honoraire | B6: =E42 -> 2163.663 | H6: Frais divers | I6: 1000 | U6: honoraire | V6: =Y42 -> #REF! | AB6: 0 | AC6: 7500 | AD6: =AC6-AB6 -> 7500 | AE6: 0.0399 | AF6: =IF(AF2<=AC6,AF2*AE6) -> #REF! | AI6: 60000 | AJ6: 464.69 | AL6: 60000 | AM6: 464.69 | AQ6: 15 ans fixe | AV6: 13 | AW6: 0.05 | AX6: Beauvechain
A7: Frais divers | B7: 1000 | H7: Tva 21% | I7: =(I5+I6)*21% -> 210 | U7: Frais divers | V7: 0 | AC7: Srdu | AD7: =AC3-AD6 -> -7500 | AF7: =IF(AF2>AC6,AD6*AE6) -> #REF! | AI7: 70000 | AJ7: 472.58 | AL7: 70000 | AM7: 472.58 | AQ7: 20 ans fixe | AV7: 14 | AX7: Braine-l’Alleud | AY7: Taux réduit | AZ7: 0.06
A8: Tva 21% | B8: =(B6+B7)*21% -> 664.36923 | H8: Total acte d'achat | I8: =I4+I5+I6+I7 -> #REF! | U8: Tva 21% | V8: 0 | AI8: 80000 | AJ8: 496.1 | AL8: 80000 | AM8: 496.1 | AQ8: 25 ans fixe | AV8: 15 | AX8: Braine-le-Château
A9: Total acte d'achat | B9: =B5+B6+B7+B8 -> 21328.032 | U9: Total acte d'achat | V9: =V5+V6+V7+V8 -> #REF! | AB9: 7500 | AC9: 17500 | AD9: =AC9-AB9 -> 10000 | AE9: 0.0342 | AF9: =IF(AND(AF2>AB9,AF2<=AC9),AD7*AE9) -> #REF! | AI9: 90000 | AJ9: 501.8 | AL9: 90000 | AM9: 501.8 | AQ9: 30 ans fixe | AV9: 16 | AX9: Chastre | AY9: Taux Normal | AZ9: 0.125
H10: Montant hors acte hypothécaire | I10: ='Achat 1 et unique habitation'!L8 -> 0 | AC10: Srdu | AD10: =AD7-AD9 -> -17500 | AF10: =IF(AF2>AC9,AD9*AE9) -> #REF! | AI10: 100000 | AJ10: 525.33 | AL10: 100000 | AM10: 525.33 | AV10: 17 | AX10: Chaumont-Gistoux
A11: Montant hors acte hypothécaire | B11: ='Achat 1 et unique habitation'!E8 -> 200000 | H11: Frais enregistrement + 10 % | I11: =(I10*0.01)*1.1 -> 0 | U11: Montant hors acte hypothécaire | V11: =#REF!+#REF! -> #REF! | AI11: 125000 | AJ11: 557.97 | AL11: 125000 | AM11: 557.97 | AV11: 18 | AX11: Court-Saint-Etienne | AY11: Droits | AZ11: =IF(AZ3<=AZ5,AZ3*AZ7,(AZ5*AZ7)+(AZ3-AZ5)*AZ9) -> 14600
A12: Frais enregistrement + 10 % | B12: =(B11*0.01)*1.1 -> 2200 | H12: Honoraire | I12: =L65 -> 0 | U12: Frais enregistrement + 10 % | V12: =(V11*0.01)*1.1 -> #REF! | AB12: 17500 | AC12: 30000 | AD12: =AC12-AB12 -> 12500 | AE12: 0.0228 | AF12: =IF(AND(AF2>AB12,AF2<=AC12),AD10*AE12) -> #REF! | AI12: 150000 | AJ12: 589.47 | AL12: 150000 | AM12: 589.47 | AV12: 19 | AX12: Donceel
A13: Honoraire | B13: =E66 -> 879.7152 | H13: Frais divers | I13: 1000 | U13: Honoraire | V13: =Y66 -> #REF! | AC13: Srdu | AD13: =AD10-AD12 -> -30000 | AF13: =IF(AF2>AC12,AD12*AE12) -> #REF! | AI13: 175000 | AJ13: 623.26 | AL13: 175000 | AM13: 623.26 | AV13: 20 | AX13: Eghezée
A14: Frais divers | B14: 1000 | H14: Inscripition | I14: =I11*0.003*100 -> 0 | U14: Frais divers | V14: 1000 | AI14: 200000 | AJ14: 654.67 | AL14: 200000 | AM14: 654.67 | AV14: 21 | AX14: Erezée
A15: Inscripition | B15: =B12*0.003*100 -> 660 | H15: Salaire conservateur | I15: =I10*0.001 -> 0 | U15: Inscripition | V15: =V12*0.003*100 -> #REF! | AB15: 30000 | AC15: 45495 | AD15: =AC15-AB15 -> 15495 | AE15: 0.0171 | AF15: =IF(AND(AF2>AB15,AF2<=AC15),AD13*AE15) -> #REF! | AI15: 250000 | AJ15: 697.66 | AL15: 250000 | AM15: 697.66 | AV15: 22 | AX15: Gembloux
A16: Salaire conservateur | B16: =B11*0.001 -> 200 | H16: Tva 21% | I16: =(I12+I13)*21% -> 210 | U16: Salaire conservateur | V16: =V11*0.001 -> #REF! | AC16: Srdu | AD16: =AD13-AD15 -> -45495 | AF16: =IF(AF2>AC15,AD15*AE15) -> #REF! | AI16: 500000 | AJ16: 952.92 | AL16: 500000 | AM16: 952.92 | AV16: 23 | AX16: Genappe
A17: Tva 21% | B17: =(B13+B14)*21% -> 394.74019 | H17: Total acte hypothécaire | I17: =SUM(I11:I15) -> 1000 | U17: Tva 21% | V17: =(V13+V14)*21% -> #REF! | AV17: 24 | AX17: Grez-Doiceau
A18: Total acte hypothécaire | B18: =SUM(B12:B16) -> 4939.7152 | U18: Total acte hypothécaire | V18: =SUM(V12:V16) -> #REF! | AB18: 45495 | AC18: 64095 | AD18: =AC18-AB18 -> 18600 | AE18: 0.0114 | AF18: =IF(AND(AF2>AB18,AF2<=AC18),AD16*AE18) -> #REF! | AV18: 25 | AX18: Hélécine
H19: HONORAIRE NOTAIRE - Acte d'achat - tableau J | AC19: Srdu | AD19: =AD16-AD18 -> -64095 | AF19: =IF(AF2>AC18,AD18*AE18) -> #REF! | AV19: 26 | AX19: Incourt
A20: HONORAIRE NOTAIRE - Acte d'achat - tableau J | H20: Pallier | J20: Différence | K20: Taux | L20: Total | U20: HONORAIRE NOTAIRE - Acte d'achat | AV20: 27 | AX20: Ittre
A21: Pallier | C21: Différence | D21: Taux | E21: Total | H21: 0 | I21: 7500 | J21: =I21-H21 -> 7500 | K21: 0.0456 | L21: =IF(I3<=I21,I3*K21) -> 0 | U21: Pallier | W21: Différence | X21: Taux | Y21: Total | AB21: 64095 | AC21: 250095 | AD21: =AC21-AB21 -> 186000 | AE21: 0.0057 | AF21: =IF(AND(AF2>AB21,AF2<=AC21),AD19*AE21) -> #REF! | AV21: 28 | AX21: Jalhay
A22: 0 | B22: 7500 | C22: =B22-A22 -> 7500 | D22: 0.0456 | E22: =IF(B3<=B22,B3*D22) -> FALSE | I22: Srdu | J22: =I3-J21 -> -7500 | L22: =IF(I3>I21,J21*K21) -> FALSE | U22: 0 | V22: 7500 | W22: =V22-U22 -> 7500 | X22: 0.0456 | Y22: =IF(V3<=V22,V3*X22) -> #REF! | AC22: Srdu | AD22: =AD19-AD21 -> -250095 | AF22: =IF(AF2>AC21,AD21*AE21) -> #REF! | AV22: 29 | AX22: Jodoigne
B23: Srdu | C23: =B3-C22 -> 192500 | E23: =IF(B3>B22,C22*D22) -> 342 | V23: Srdu | W23: =V3-W22 -> #REF! | Y23: =IF(V3>V22,W22*X22) -> #REF! | AV23: 30 | AX23: La Hulpe
H24: 7500 | I24: 17500 | J24: =I24-H24 -> 10000 | K24: 0.0285 | L24: =IF(AND(I3>H24,I3<=I24),J22*K24) -> FALSE | AB24: 250095 | AC24: - | AE24: 0.0228 | AF24: =IF(AND(AF2>AB24),AD22*AE24) -> #REF! | AX24: Lasne
A25: 7500 | B25: 17500 | C25: =B25-A25 -> 10000 | D25: 0.0285 | E25: =IF(AND(B3>A25,B3<=B25),C23*D25) -> FALSE | I25: Srdu | J25: =J22-J24 -> -17500 | L25: =IF(I3>I24,J24*K24) -> FALSE | U25: 7500 | V25: 17500 | W25: =V25-U25 -> 10000 | X25: 0.0285 | Y25: =IF(AND(V3>U25,V3<=V25),W23*X25) -> #REF! | AC25: Srdu | AX25: Mont-Saint-Guibert
B26: Srdu | C26: =C23-C25 -> 182500 | E26: =IF(B3>B25,C25*D25) -> 285 | V26: Srdu | W26: =W23-W25 -> #REF! | Y26: =IF(V3>V25,W25*X25) -> #REF! | AB26: Total | AF26: =SUM(AF6:AF25) -> #REF! | AX26: Namur
H27: 17500 | I27: 30000 | J27: =I27-H27 -> 12500 | K27: 0.0228 | L27: =IF(AND(I3>H27,I3<=I27),J25*K27) -> FALSE | AX27: Nivelles
A28: 17500 | B28: 30000 | C28: =B28-A28 -> 12500 | D28: 0.0228 | E28: =IF(AND(B3>A28,B3<=B28),C26*D28) -> FALSE | I28: Srdu | J28: =J25-J27 -> -30000 | L28: =IF(I3>I27,J27*K27) -> FALSE | U28: 17500 | V28: 30000 | W28: =V28-U28 -> 12500 | X28: 0.0228 | Y28: =IF(AND(V3>U28,V3<=V28),W26*X28) -> #REF! | AX28: Orp-Jauche
B29: Srdu | C29: =C26-C28 -> 170000 | E29: =IF(B3>B28,C28*D28) -> 285 | V29: Srdu | W29: =W26-W28 -> #REF! | Y29: =IF(V3>V28,W28*X28) -> #REF! | AX29: Ottignies-Louvain-la-Neuve
H30: 30000 | I30: 45495 | J30: =I30-H30 -> 15495 | K30: 0.0171 | L30: =IF(AND(I3>H30,I3<=I30),J28*K30) -> FALSE | AX30: Perwez
A31: 30000 | B31: 45495 | C31: =B31-A31 -> 15495 | D31: 0.0171 | E31: =IF(AND(B3>A31,B3<=B31),C29*D31) -> FALSE | I31: Srdu | J31: =J28-J30 -> -45495 | L31: =IF(I3>I30,J30*K30) -> FALSE | U31: 30000 | V31: 45495 | W31: =V31-U31 -> 15495 | X31: 0.0171 | Y31: =IF(AND(V3>U31,V3<=V31),W29*X31) -> #REF! | AX31: Profondville
B32: Srdu | C32: =C29-C31 -> 154505 | E32: =IF(B3>B31,C31*D31) -> 264.9645 | V32: Srdu | W32: =W29-W31 -> #REF! | Y32: =IF(V3>V31,W31*X31) -> #REF! | AX32: Ramillies
H33: 45495 | I33: 64095 | J33: =I33-H33 -> 18600 | K33: 0.0114 | L33: =IF(AND(I3>H33,I3<=I33),J31*K33) -> FALSE | AX33: Rixensart
A34: 45495 | B34: 64095 | C34: =B34-A34 -> 18600 | D34: 0.0114 | E34: =IF(AND(B3>A34,B3<=B34),C32*D34) -> FALSE | I34: Srdu | J34: =J31-J33 -> -64095 | L34: =IF(I3>I33,J33*K33) -> FALSE | U34: 45495 | V34: 64095 | W34: =V34-U34 -> 18600 | X34: 0.0114 | Y34: =IF(AND(V3>U34,V3<=V34),W32*X34) -> #REF! | AX34: Sainte-Ode
B35: Srdu | C35: =C32-C34 -> 135905 | E35: =IF(B3>B34,C34*D34) -> 212.04 | V35: Srdu | W35: =W32-W34 -> #REF! | Y35: =IF(V3>V34,W34*X34) -> #REF! | AX35: Silly
H36: 64095 | I36: 250095 | J36: =I36-H36 -> 186000 | K36: 0.0057 | L36: =IF(AND(I3>H36,I3<=I36),J34*K36) -> FALSE | AX36: Thimister-Clermont
A37: 64095 | B37: 250095 | C37: =B37-A37 -> 186000 | D37: 0.0057 | E37: =IF(AND(B3>A37,B3<=B37),C35*D37) -> 774.6585 | I37: Srdu | J37: =J34-J36 -> -250095 | L37: =IF(I3>I36,J36*K36) -> FALSE | U37: 64095 | V37: 250095 | W37: =V37-U37 -> 186000 | X37: 0.0057 | Y37: =IF(AND(V3>U37,V3<=V37),W35*X37) -> #REF! | AX37: Villers-la-Ville
B38: Srdu | C38: =C35-C37 -> -50095 | E38: =IF(B3>B37,C37*D37) -> FALSE | V38: Srdu | W38: =W35-W37 -> #REF! | Y38: =IF(V3>V37,W37*X37) -> #REF! | AX38: Walhain
H39: 250095 | I39: - | K39: 0.00057 | L39: =IF(AND(I3>H39),J37*K39) -> FALSE | AX39: Waterloo
A40: 250095 | B40: - | D40: 0.00057 | E40: =IF(AND(B3>A40),C38*D40) -> FALSE | I40: Srdu | U40: 250095 | V40: - | X40: 0.00057 | Y40: =IF(AND(V3>U40),W38*X40) -> #REF! | AX40: Wavre
B41: Srdu | H41: Total | L41: =SUM(L21:L40) -> 0 | V41: Srdu
A42: Total | E42: =SUM(E22:E41) -> 2163.663 | U42: Total | Y42: =SUM(Y22:Y41) -> #REF!
H43: HONORAIRE NOTAIRE - Acte Hypothécaire - tableau G
A44: HONORAIRE NOTAIRE - Acte Hypothécaire - tableau G | H44: Pallier | J44: Différence | K44: Taux | L44: Total | U44: HONORAIRE NOTAIRE - Acte Hypothécaire
A45: Pallier | C45: Différence | D45: Taux | E45: Total | H45: 0 | I45: 7500 | J45: =I45-H45 -> 7500 | K45: 0.0171 | L45: =IF(I10<=I45,I10*K45) -> 0 | U45: Pallier | W45: Différence | X45: Taux | Y45: Total
A46: 0 | B46: 7500 | C46: =B46-A46 -> 7500 | D46: 0.0171 | E46: =IF(B11<=B46,B11*D46) -> FALSE | I46: Srdu | J46: =I10-J45 -> -7500 | L46: =IF(I10>I45,J45*K45) -> FALSE | U46: 0 | V46: 7500 | W46: =V46-U46 -> 7500 | X46: 0.0171 | Y46: =IF(V11<=V46,V11*X46) -> #REF!
B47: Srdu | C47: =B11-C46 -> 192500 | E47: =IF(B11>B46,C46*D46) -> 128.25 | V47: Srdu | W47: =V11-W46 -> #REF! | Y47: =IF(V11>V46,W46*X46) -> #REF!
H48: 7500 | I48: 17500 | J48: =I48-H48 -> 10000 | K48: 0.01368 | L48: =IF(AND(I10>H48,I10<=I48),J46*K48) -> FALSE
A49: 7500 | B49: 17500 | C49: =B49-A49 -> 10000 | D49: 0.01368 | E49: =IF(AND(B11>A49,B11<=B49),C47*D49) -> FALSE | I49: Srdu | J49: =J46-J48 -> -17500 | L49: =IF(I10>I48,J48*K48) -> FALSE | U49: 7500 | V49: 17500 | W49: =V49-U49 -> 10000 | X49: 0.01368 | Y49: =IF(AND(V11>U49,V11<=V49),W47*X49) -> #REF!
B50: Srdu | C50: =C47-C49 -> 182500 | E50: =IF(B11>B49,C49*D49) -> 136.8 | V50: Srdu | W50: =W47-W49 -> #REF! | Y50: =IF(V11>V49,W49*X49) -> #REF!
H51: 17500 | I51: 30000 | J51: =I51-H51 -> 12500 | K51: 0.00912 | L51: =IF(AND(I10>H51,I10<=I51),J49*K51) -> FALSE
A52: 17500 | B52: 30000 | C52: =B52-A52 -> 12500 | D52: 0.00912 | E52: =IF(AND(B11>A52,B11<=B52),C50*D52) -> FALSE | I52: Srdu | J52: =J49-J51 -> -30000 | L52: =IF(I10>I51,J51*K51) -> FALSE | U52: 17500 | V52: 30000 | W52: =V52-U52 -> 12500 | X52: 0.00912 | Y52: =IF(AND(V11>U52,V11<=V52),W50*X52) -> #REF!
B53: Srdu | C53: =C50-C52 -> 170000 | E53: =IF(B11>B52,C52*D52) -> 114 | V53: Srdu | W53: =W50-W52 -> #REF! | Y53: =IF(V11>V52,W52*X52) -> #REF!
H54: 30000 | I54: 45495 | J54: =I54-H54 -> 15495 | K54: 0.00684 | L54: =IF(AND(I10>H54,I10<=I54),J52*K54) -> FALSE
A55: 30000 | B55: 45495 | C55: =B55-A55 -> 15495 | D55: 0.00684 | E55: =IF(AND(B11>A55,B11<=B55),C53*D55) -> FALSE | I55: Srdu | J55: =J52-J54 -> -45495 | L55: =IF(I10>I54,J54*K54) -> FALSE | U55: 30000 | V55: 45495 | W55: =V55-U55 -> 15495 | X55: 0.00684 | Y55: =IF(AND(V11>U55,V11<=V55),W53*X55) -> #REF!
B56: Srdu | C56: =C53-C55 -> 154505 | E56: =IF(B11>B55,C55*D55) -> 105.9858 | V56: Srdu | W56: =W53-W55 -> #REF! | Y56: =IF(V11>V55,W55*X55) -> #REF!
H57: 45495 | I57: 64095 | J57: =I57-H57 -> 18600 | K57: 0.00456 | L57: =IF(AND(I10>H57,I10<=I57),J55*K57) -> FALSE
A58: 45495 | B58: 64095 | C58: =B58-A58 -> 18600 | D58: 0.00456 | E58: =IF(AND(B11>A58,B11<=B58),C56*D58) -> FALSE | I58: Srdu | J58: =J55-J57 -> -64095 | L58: =IF(I10>I57,J57*K57) -> FALSE | U58: 45495 | V58: 64095 | W58: =V58-U58 -> 18600 | X58: 0.00456 | Y58: =IF(AND(V11>U58,V11<=V58),W56*X58) -> #REF!
B59: Srdu | C59: =C56-C58 -> 135905 | E59: =IF(B11>B58,C58*D58) -> 84.816 | V59: Srdu | W59: =W56-W58 -> #REF! | Y59: =IF(V11>V58,W58*X58) -> #REF!
H60: 64095 | I60: 250095 | J60: =I60-H60 -> 186000 | K60: 0.00228 | L60: =IF(AND(I10>H60,I10<=I60),J58*K60) -> FALSE
A61: 64095 | B61: 250095 | C61: =B61-A61 -> 186000 | D61: 0.00228 | E61: =IF(AND(B11>A61,B11<=B61),C59*D61) -> 309.8634 | I61: Srdu | J61: =J58-J60 -> -250095 | L61: =IF(I10>I60,J60*K60) -> FALSE | U61: 64095 | V61: 250095 | W61: =V61-U61 -> 186000 | X61: 0.00228 | Y61: =IF(AND(V11>U61,V11<=V61),W59*X61) -> #REF!
B62: Srdu | C62: =C59-C61 -> -50095 | E62: =IF(B11>B61,C61*D61) -> FALSE | V62: Srdu | W62: =W59-W61 -> #REF! | Y62: =IF(V11>V61,W61*X61) -> #REF!
H63: 250095 | I63: - | K63: 0.000456 | L63: =IF(AND(I10>H63),J61*K63) -> FALSE
A64: 250095 | B64: - | D64: 0.000456 | E64: =IF(AND(B11>A64),C62*D64) -> FALSE | I64: Srdu | U64: 250095 | V64: - | X64: 0.000456 | Y64: =IF(AND(V11>U64),W62*X64) -> #REF!
B65: Srdu | H65: Total | L65: =SUM(L45:L64) -> 0 | V65: Srdu
A66: Total | E66: =SUM(E46:E65) -> 879.7152 | U66: Total | Y66: =SUM(Y46:Y65) -> #REF!
A69: Simulateur Achat Logement Flandre | H69: Simulateur Achat Logement Flandre
A70: Calcul des frais de notaire | B70: ='Achat 1 et unique habitation'!G10 -> 0.1 | H70: Calcul des frais de notaire | I70: ='Achat 1 et unique habitation'!N10 -> 0
A71: Prix d'achat | B71: ='Achat 1 et unique habitation'!E8 -> 200000 | H71: Prix d'achat | I71: ='Achat 1 et unique habitation'!L8 -> 0
A72: Abattement | B72: ='Achat 1 et unique habitation'!G28 -> 35000 | H72: Frais d'enregistrement | I72: =(I71-#REF!)*I70 -> #REF!
A73: Frais d'enregistrement | B73: =(B71-B72)*B70 -> 16500 | H73: honoraire | I73: =L109 -> 0
A74: honoraire | B74: =E110 -> 2163.663 | H74: Frais divers | I74: 1000
A75: Frais divers | B75: 1000 | H75: Tva 21% | I75: =(I73+I74)*21% -> 210
A76: Tva 21% | B76: =(B74+B75)*21% -> 664.36923 | H76: Total acte d'achat | I76: =I72+I73+I74+I75 -> #REF!
A77: Total acte d'achat | B77: =B73+B74+B75+B76 -> 20328.032
H78: Montant hors acte hypothécaire | I78: ='Achat 1 et unique habitation'!L8 -> 0
A79: Montant hors acte hypothécaire | B79: ='Achat 1 et unique habitation'!E8 -> 200000 | H79: Frais enregistrement + 10 % | I79: =(I78*0.01)*1.1 -> 0
A80: Frais enregistrement + 10 % | B80: =(B79*0.01)*1.1 -> 2200 | H80: Honoraire | I80: =L133 -> 0
A81: Honoraire | B81: =E134 -> 879.7152 | H81: Frais divers | I81: 1000
A82: Frais divers | B82: 1000 | H82: Inscripition | I82: =I79*0.003*100 -> 0
A83: Inscripition | B83: =B80*0.003*100 -> 660 | H83: Salaire conservateur | I83: =I78*0.001 -> 0
A84: Salaire conservateur | B84: =B79*0.001 -> 200 | H84: Tva 21% | I84: =(I80+I81)*21% -> 210
A85: Tva 21% | B85: =(B81+B82)*21% -> 394.74019 | H85: Total acte hypothécaire | I85: =SUM(I79:I83) -> 1000
A86: Total acte hypothécaire | B86: =SUM(B80:B84) -> 4939.7152
H87: HONORAIRE NOTAIRE - Acte d'achat
A88: HONORAIRE NOTAIRE - Acte d'achat | H88: Pallier | J88: Différence | K88: Taux | L88: Total
A89: Pallier | C89: Différence | D89: Taux | E89: Total | H89: 0 | I89: 7500 | J89: =I89-H89 -> 7500 | K89: 0.0456 | L89: =IF(I71<=I89,I71*K89) -> 0
A90: 0 | B90: 7500 | C90: =B90-A90 -> 7500 | D90: 0.0456 | E90: =IF(B71<=B90,B71*D90) -> FALSE | I90: Srdu | J90: =I71-J89 -> -7500 | L90: =IF(I71>I89,J89*K89) -> FALSE
B91: Srdu | C91: =B71-C90 -> 192500 | E91: =IF(B71>B90,C90*D90) -> 342
H92: 7500 | I92: 17500 | J92: =I92-H92 -> 10000 | K92: 0.0285 | L92: =IF(AND(I71>H92,I71<=I92),J90*K92) -> FALSE
A93: 7500 | B93: 17500 | C93: =B93-A93 -> 10000 | D93: 0.0285 | E93: =IF(AND(B71>A93,B71<=B93),C91*D93) -> FALSE | I93: Srdu | J93: =J90-J92 -> -17500 | L93: =IF(I71>I92,J92*K92) -> FALSE
B94: Srdu | C94: =C91-C93 -> 182500 | E94: =IF(B71>B93,C93*D93) -> 285
H95: 17500 | I95: 30000 | J95: =I95-H95 -> 12500 | K95: 0.0228 | L95: =IF(AND(I71>H95,I71<=I95),J93*K95) -> FALSE
A96: 17500 | B96: 30000 | C96: =B96-A96 -> 12500 | D96: 0.0228 | E96: =IF(AND(B71>A96,B71<=B96),C94*D96) -> FALSE | I96: Srdu | J96: =J93-J95 -> -30000 | L96: =IF(I71>I95,J95*K95) -> FALSE
B97: Srdu | C97: =C94-C96 -> 170000 | E97: =IF(B71>B96,C96*D96) -> 285
H98: 30000 | I98: 45495 | J98: =I98-H98 -> 15495 | K98: 0.0171 | L98: =IF(AND(I71>H98,I71<=I98),J96*K98) -> FALSE
A99: 30000 | B99: 45495 | C99: =B99-A99 -> 15495 | D99: 0.0171 | E99: =IF(AND(B71>A99,B71<=B99),C97*D99) -> FALSE | I99: Srdu | J99: =J96-J98 -> -45495 | L99: =IF(I71>I98,J98*K98) -> FALSE
B100: Srdu | C100: =C97-C99 -> 154505 | E100: =IF(B71>B99,C99*D99) -> 264.9645
H101: 45495 | I101: 64095 | J101: =I101-H101 -> 18600 | K101: 0.0114 | L101: =IF(AND(I71>H101,I71<=I101),J99*K101) -> FALSE
A102: 45495 | B102: 64095 | C102: =B102-A102 -> 18600 | D102: 0.0114 | E102: =IF(AND(B71>A102,B71<=B102),C100*D102) -> FALSE | I102: Srdu | J102: =J99-J101 -> -64095 | L102: =IF(I71>I101,J101*K101) -> FALSE
...

Sheet Calcul Sharney
B1: Les cellules en bleu, sont des cellules à calcul automatique, merci de ne pas y toucher !
B3: Données manuelles | J3: Calculs frais liés à l'acte d'achat du logement
C5: Région concernée : | D5: Flandres | F5: Prix d'acquisition : | G5: 200000 | K5: Montant droits d'enregistrement : | M5: =IF($D$18<>"",IF($G$5>$E$19,$E$19*0.06+($G$5-$E$19)*0.125,$G$5*0.06),($G$5-$G$16)*$D$16) -> 17500
C7: Revenus cadastrals : | D7: 2000 | F7: Nombre d'enfants à charge : | G7: 5 | K7: Frais de notaire : | M7: =IF($G$5<=7500,$G$5*0.0456,IF($G$5<=17500,7500*0.0456+($G$5-7500)*0.0285,IF($G$5<=30000,7500*0.0456+(17500-7500)*0.0285+($G$5-17500)*0.0228,IF($G$5<=45495,7500*0.0456+(17500-7500)*0.0285+(30000-17500)*0.0228+($G$5-30000)*0.0171,IF($G$5<=64095,7500*0.0456+(17500-7500)*0.0285+(30000-17500)*0.0228+(45495-30000)*0.0171+($G$5-45495)*0.0114,IF($G$5<=250095,7500*0.0456+(17500-7500)*0.0285+(30000-17500)*0.0228+(45495-30000)*0.0171+(64095-45495)*0.0114+($G$5-64095)*0.0057,IF($G$5>250095,7500*0.0456+(17500-7500)*0.0285+(30000-17500)*0.0228+(45495-30000)*0.0171+(64095-45495)*0.0114+(250095-64095)*0.0057+($G$5-250095)*0.00057,""))))))) -> 2163.663
F9: =IF(D5="Bruxelles","Logement situé en EDRLR ? ",IF(D5="Wallonie","Logement dans une zone à pression immobilière ? ","Non concerné ")) -> Non concerné | G9: NON | K9: Frais divers : | M9: 1000
F11: Est-ce la seule et unique habitation ? | G11: OUI | K11: TVA : | M11: =(M7+M9)*0.21 -> 664.36923
B14: Calcul du taux et des abattements pour droits d'enreg. | L14: Total des frais d'acte d'achat du logement : | M14: =M5+M7+M9+M11 -> 21328.032
C16: Taux calculé : | D16: =IF(D5="Bruxelles",0.125,IF(OR(D7<745,AND(D7<845,G7>=3,G7<=4),AND(D7<945,G7>=5,G7<=6),AND(D7<1045,G7>=7)),IF(D5="Flandres",0.05,"Taux spécial"),IF(D5="Flandres",0.1,0.125))) -> 0.1 | F16: Abattement calculé : | G16: =IF(AND(D5="Bruxelles",G11="OUI"),IF(G9="OUI",75000,60000),IF(AND(D5="Flandres",G11="OUI"),IF(D16=0.1,25000,35000),0)) -> 25000
J17: Calculs frais d'acte de crédit
C18: Taux spécial calculé : | D18: =IF(AND(D5="Wallonie",OR(D7<745,AND(D7<845,G7>=3,G7<=4),AND(D7<945,G7>=5,G7<=6),AND(D7<1045,G7>=7))),0.06,"") | E18: =IF(D18="",""," pour les premiers "&E19&" € de l'acquisition, puis 12,5%")
E19: =IF(D18="","",IF(G9="OUI",160431.53,150404.55)) | K19: Frais d'enregistrement : | M19: =0.011*$G$5 -> 2200
K21: Honoraires : | M21: =IF($G$5<=7500,$G$5*0.0171,IF($G$5<=17500,7500*0.0171+($G$5-7500)*0.01368,IF($G$5<=30000,7500*0.0171+(17500-7500)*0.01368+($G$5-17500)*0.00912,IF($G$5<=45495,7500*0.0171+(17500-7500)*0.01368+(30000-17500)*0.00912+($G$5-30000)*0.00684,IF($G$5<=64095,7500*0.0171+(17500-7500)*0.01368+(30000-17500)*0.00912+(45495-30000)*0.00684+($G$5-45495)*0.00456,IF($G$5<=250095,7500*0.0171+(17500-7500)*0.01368+(30000-17500)*0.00912+(45495-30000)*0.00684+(64095-45495)*0.00456+($G$5-64095)*0.00228,IF($G$5>250095,7500*0.0171+(17500-7500)*0.01368+(30000-17500)*0.00912+(45495-30000)*0.00684+(64095-45495)*0.00456+(250095-64095)*0.00228+($G$5-250095)*0.000456))))))) -> 879.7152
K23: Frais divers : | M23: 1000
K25: Inscription : | M25: =0.003*$G$5 -> 600
K27: Salaire conservateur : | M27: =0.001*$G$5 -> 200
K29: TVA : | M29: =(M25+M27)*0.21 -> 168
L32: Total des frais d'acte d'achat du logement : | M32: =M19+M21+M23+M25+M27+M29 -> 5047.7152
